Map: Invader LE

Players

Florencio - Winner!

  • Race: Protoss Protoss
  • League: Bronze

BizarreWorm

  • Race: Zerg Zerg

VOD

Have the link to the VOD?

Description

Time

  • Played on: July 3, 2016, 4:16 p.m.
  • Length: 15:39
Show
View Real Time Build Order
Export as new Build Order

Florencio Protoss - Winner!

Build Orders:  

Get SALT Encoding   

  12  0:01  Probe (Chrono Boost)  
  13  0:21  Probe (Chrono Boost)  
  14  0:31  Probe (Chrono Boost)  
  15  0:35  Pylon  
  15  0:53  Probe (Chrono Boost)  
  15  0:54  Gateway  
  16  1:00  Assimilator  
  17  1:04  Probe (Chrono Boost)  
  17  1:05  Assimilator  
  17  1:15  Probe (Chrono Boost)  
  18  1:25  Probe (Chrono Boost)  
  19  1:36  Probe (Chrono Boost)  
  20  1:43  Cybernetics Core  
  20  1:47  Pylon  
  20  2:00  Probe (Chrono Boost)  
  21  2:10  Probe (Chrono Boost)  
  21  2:11  Nexus  
  22  2:16  Forge  
  22  2:21  Probe (Chrono Boost)  
  23  2:31  Stalker  
  25  2:39  Probe (Chrono Boost)  
  26  2:50  Mothership Core (Chrono Boost)  
  28  2:54  Pylon  
  28  3:03  Pylon  
  28  3:15  Assimilator  
  28  3:22  Stargate  
  28  3:23  Stargate  
  28  3:30  Stargate  
  28  3:43  Probe x2 (Chrono Boost)  
  30  3:53  Assimilator  
  30  3:54  Probe x2 (Chrono Boost)  
  32  4:04  Probe x2 (Chrono Boost)  
  32  4:08  Oracle  
  37  4:11  Oracle  
  40  4:23  Probe x2 (Chrono Boost)  
  42  4:32  Photon Cannon  
  42  4:35  Oracle (Chrono Boost)  
  46  4:38  Probe (Chrono Boost)  
  46  4:46  Pylon  
  46  4:49  Oracle (Chrono Boost)  
  49  4:57  Probe (Chrono Boost)  
  49  4:58  Probe (Chrono Boost)  
  54  5:07  Oracle (Chrono Boost)  
  54  5:10  Probe  
  54  5:11  Probe  
  56  5:20  Probe  
  56  5:24  Probe  
  56  5:27  Oracle (Chrono Boost)  
  61  5:32  Probe  
  62  5:36  Probe  
  62  5:42  Oracle (Chrono Boost)  
  66  5:49  Oracle (Chrono Boost)  
  69  5:50  Photon Cannon  
  69  5:53  Photon Cannon, Probe  
  70  6:17  Probe  
  70  6:18  Probe  
  69  6:30  Probe  
  70  7:03  Pylon  
  70  7:06  Pylon  
  70  7:07  Pylon  
  70  7:10  Nexus  
  70  7:12  Pylon  
  70  7:21  Oracle (Chrono Boost)  
  76  7:26  Oracle (Chrono Boost)  
  76  7:29  Pylon, Oracle (Chrono Boost)  
  79  7:32  Pylon  
  79  7:34  Assimilator  
  79  7:36  Photon Cannon x2  
  79  7:39  Photon Cannon  
  79  7:40  Assimilator  
  79  7:41  Photon Cannon  
  79  7:47  Stargate  
  79  7:48  Stargate  
  79  7:51  Photon Cannon  
  79  8:11  Phoenix (Chrono Boost)  
  85  8:14  Phoenix (Chrono Boost)  
  85  8:15  Phoenix (Chrono Boost), Pylon  
  85  8:33  Phoenix (Chrono Boost)  
  84  8:39  Phoenix (Chrono Boost)  
  84  8:40  Phoenix (Chrono Boost)  
  85  8:47  Phoenix (Chrono Boost)  
  85  8:48  Phoenix (Chrono Boost)  
  89  8:54  Phoenix (Chrono Boost)  
  91  8:59  Nexus  
  95  9:04  Phoenix (Chrono Boost)  
  95  9:05  Phoenix (Chrono Boost)  
  99  9:12  Phoenix x2 (Chrono Boost)  
  99  9:16  Phoenix (Chrono Boost)  
  110  9:52  Void Ray (Chrono Boost)  
  110  9:58  Void Ray x2 (Chrono Boost)  
  110  9:59  Pylon  
  110  10:00  Pylon  
  114  10:11  Void Ray (Chrono Boost)  
  118  10:27  Void Ray (Chrono Boost)  
  118  10:45  Void Ray (Chrono Boost)  
  126  10:51  Void Ray (Chrono Boost)  
  117  12:03  Void Ray (Chrono Boost)  
  137  12:09  Void Ray x4 (Chrono Boost)  
  137  12:28  Gateway  
  137  12:33  Nexus  
  137  12:36  Nexus  
  137  12:39  Nexus  
  137  12:40  Void Ray (Chrono Boost)  
  137  12:42  Pylon  
  141  13:00  Forge  
  141  13:12  Nexus  
  141  13:15  Nexus  
  141  13:19  Nexus  
  140  14:01  Void Ray (Chrono Boost)  
  152  14:07  Void Ray x2 (Chrono Boost)  
  152  14:43  Assimilator  
  152  14:47  Assimilator  
  152  15:22  Nexus  
  152  15:25  Nexus  
  152  15:30  Photon Cannon  
  152  15:31  Photon Cannon  
  152  15:35  Photon Cannon  
  152  15:37  Photon Cannon  
Show
View Real Time Build Order
Export as new Build Order

BizarreWorm Zerg 

Build Orders: Hatch First 

Get SALT Encoding   

  12  0:02  Drone  
  13  0:14  Drone  
  14  0:19  Overlord  
  14  0:37  Drone x3  
  17  0:57  Hatchery  
  17  1:03  Drone x2  
  18  1:08  Extractor  
  17  1:18  Spawning Pool  
  16  1:33  Drone x3  
  19  1:45  Drone  
  20  1:56  Overlord  
  20  2:11  Queen x2  
  20  2:13  Zergling x2  
  20  2:14  Zergling x2  
  20  2:15  Metabolic Boost  
  26  2:23  Drone x2  
  28  2:35  Drone x2  
  30  2:50  Queen  
  30  2:51  Queen  
  34  2:52  Overlord  
  34  2:53  Drone  
  34  2:55  Drone  
  36  3:17  Drone, Hatchery  
  36  3:18  Drone x2  
  36  3:41  Drone  
  36  3:42  Drone x7  
  44  3:53  Overlord x2  
  44  3:59  Extractor  
  44  4:01  Extractor  
  42  4:08  Drone x3, Baneling Nest  
  44  4:17  Spore Crawler  
  44  4:18  Drone x4  
  47  4:27  Spore Crawler  
  47  4:28  Drone x7  
  53  4:34  Lair  
  53  4:37  Extractor, Queen  
  54  5:09  Drone x9  
  63  5:20  Spore Crawler  
  62  5:28  Pneumatized Carapace  
  62  5:37  Drone x4  
  62  5:39  Overlord x4  
  66  5:45  Overseer  
  66  6:01  Spire  
  66  6:03  Drone x8, Infestation Pit  
  72  6:13  Spore Crawler  
  69  6:23  Spore Crawler x2  
  69  6:24  Spore Crawler x2  
  48  6:25  Spore Crawler  
  48  6:27  Spore Crawler  
  38  6:56  Drone  
  38  6:57  Drone x13  
  52  7:07  Extractor  
  51  7:11  Spore Crawler  
  51  7:14  Extractor, Spore Crawler x2  
  51  7:15  Drone x6  
  53  7:16  Spore Crawler  
  53  7:19  Queen  
  53  7:20  Queen  
  56  7:29  Spire  
  55  7:46  Zergling x2  
  55  7:47  Zergling x16  
  55  7:48  Centrifical Hooks  
  64  7:57  Drone  
  64  7:58  Drone x2  
  67  7:59  Spore Crawler  
  67  8:01  Evolution Chamber  
  65  8:18  Zergling x10  
  70  8:20  Drone  
  70  8:21  Drone x4  
  73  8:39  Zergling x2  
  73  8:40  Zergling x16  
  82  8:44  Spore Crawler  
  82  8:45  Spore Crawler  
  82  8:46  Spore Crawler  
  82  8:47  Spore Crawler  
  78  8:49  Spore Crawler x2  
  78  8:50  Spore Crawler x2  
  78  8:51  Spore Crawler  
  73  9:01  Corruptor x3  
  79  9:03  Extractor, Hatchery  
  79  9:05  Extractor  
  76  9:13  Infestation Pit  
  75  9:20  Hatchery  
  74  9:32  Zergling x10  
  75  9:57  Zergling x10  
  80  10:03  Hive  
  80  10:05  Corruptor  
  80  10:30  Corruptor  
  82  10:43  Corruptor x4  
  85  10:57  Drone x5  
  87  11:14  Spore Crawler  
  84  11:38  Corruptor  
  82  11:44  Baneling  
  82  11:45  Baneling x24  
  82  11:46  Baneling x12  
  58  12:17  Zergling x26  
  71  12:26  Zerg Melee Weapons Level 1  
  71  12:28  Zergling x2  
  71  12:29  Zergling x8  
  76  12:39  Overlord  
  76  12:40  Overlord x2  
  76  12:51  Overlord x4  
  72  13:00  Zergling x4  
  72  13:01  Zergling x4  
  70  13:10  Zergling x2  
  69  13:23  Zergling x2  
  69  13:24  Zergling x16  
  78  13:28  Adrenal Glands  
  55  13:59  Hatchery  
  55  14:00  Zergling x2  
  55  14:01  Zergling x18  
  64  14:06  Hatchery  
  63  14:17  Zergling x2  
  63  14:18  Zergling x10  
  69  14:29  Zergling x2  
  69  14:30  Zergling x6  
  55  14:59  Spore Crawler  
  52  15:08  Spore Crawler  
  52  15:11  Spore Crawler  
  45  15:15  Zergling x22  
Tags
 
Add a new tag
Caveats
  • Supply blocks, unpowered buildings, or Contaminate may cause inaccurate times.
  • Supply counts are checked every 10 seconds.